 Dungeon Crawl Stone Soup version 0.19.4 (webtiles) character file.

7236 Kiturien the Cleaver (level 11, -1/82 HPs)
             Began as a Hill Orc Fighter on Feb 1, 2017.
             Was a Follower of Qazlal.
             Slain by a basilisk (5 damage)
             ... on level 2 of the Lair of Beasts.
             The game lasted 00:28:52 (11145 turns).

Kiturien the Cleaver (Hill Orc Fighter)            Turns: 11145, Time: 00:28:53

Health: -1/82      AC: 18    Str: 25    XL:     11   Next: 12%
Magic:  11/11      EV:  2    Int: 10    God:    Qazlal [*.....]
Gold:   698        SH:  0    Dex: 12    Spells: 2 memorised, 4 levels left

rFire  . . .     SeeInvis .     a - +4 war axe
rCold  . . .     Gourm    .     H - +1 plate armour
rNeg   + + +     Faith    .     c - +0 shield
rPois  ∞         Spirit   .     n - +0 helmet
rElec  .         Reflect  .     y - +0 cloak
rCorr  .         Harm     .     (no gloves)
MR     .....     Rnd*Rage +     (no boots)
Stlth  ..........               (no amulet)
                                s - +2 ring of dexterity
                                b - +1 ring of protection

@: lethally poisoned (-1 -> -1), petrified
A: repulsion field 1, berserk 1, clever 1, frail 1, strong 1, evolution 1,
subdued magic 1
a: Renounce Religion


You were on level 2 of the Lair of Beasts.
You worshipped Qazlal.
Qazlal was aware of your devotion.
You were not hungry.

You visited 3 branches of the dungeon, and saw 12 of its levels.

You collected 698 gold pieces.

Inventory:

Hand Weapons
 a - a +4 war axe (weapon)
Armour
 c - a +0 shield (worn)
 f - a +2 ring mail of cold resistance
 n - a +0 helmet (worn)
 y - a +0 cloak (worn)
 H - a +1 plate armour (worn)
Jewellery
 b - a +1 ring of protection (left hand)
 j - an uncursed ring of fire
 s - a +2 ring of dexterity (right hand)
Wands
 h - a wand of confusion (14/48)
 q - a wand of paralysis (13/24)
 x - a wand of slowing (28/48)
 F - a wand of flame (46/48)
Scrolls
 e - 6 scrolls of remove curse
 i - 6 scrolls of teleportation
 k - a scroll of amnesia
 m - a scroll of fear
 t - a scroll of recharging
 D - a scroll of magic mapping
Potions
 d - 2 potions of might
 g - a potion of curing
 l - a potion of brilliance
 u - a potion of magic
 w - 2 potions of heal wounds
 z - 3 potions of flight
 A - a potion of agility
 B - 2 potions of cancellation
 C - a potion of ambrosia
Books
 p - a book of Minor Magic

   Spells                             Type                      Level
   a - Magic Dart                     Conjuration                  1
   b - Blink                          Translocation                2
   c - Call Imp                       Summoning                    2
   d - Repel Missiles                 Charms/Air                   2
   e - Slow                           Hexes                        2
   f - Conjure Flame                  Conjuration/Fire             3
   g - Mephitic Cloud                 Conjuration/Poison/Air       3
 J - a book of Conjurations

   Spells                             Type                      Level
   a - Magic Dart                     Conjuration                  1
   b - Searing Ray                    Conjuration                  2
   c - Dazzling Spray                 Conjuration/Hexes            3
   d - Fulminant Prism                Conjuration/Hexes            4
   e - Iskenderun's Mystic Blast      Conjuration                  4
   f - Iskenderun's Battlesphere      Conjuration/Charms           5
Comestibles
 G - 2 beef jerkies
 I - 8 fruits


   Skills:
 + Level 7.6 Fighting
 + Level 13.0 Axes
 + Level 7.5 Armour
 + Level 2.5 Dodging
 + Level 0.5 Stealth
 * Level 11.2 Shields


You had 4 spell levels left.
You knew the following spells:

 Your Spells              Type           Power        Failure   Level  Hunger
a - Conjure Flame         Conj/Fire      #.......     100%        3    ####...
b - Mephitic Cloud        Conj/Pois/Air  #.......     100%        3    ####...


Dungeon Overview and Level Annotations

Branches:
Dungeon (9/15)             Temple (1/1) D:4            Lair (2/6) D:9
  Swamp: Lair:2-4    Shoals: Lair:2-4     Snake: Lair:2-4    Spider: Lair:2-4
    Orc: D:9-12

Altars:
Ashenzari
Cheibriados
Dithmenos
Elyvilon
Fedhas
Gozag
Hepliaklqana
Kikubaaqudgha
Makhleb
Nemelex Xobeh
Okawaru
Qazlal
Ru
Sif Muna
Trog
Uskayaw
Vehumet
Xom
Yredelemnul
Zin
The Shining One


Innate Abilities, Weirdness & Mutations

You are surrounded by a mild repulsion field. (EV +2)
You tend to lose your temper in combat.
Your mind is acute. (Int +2)
You are frail. (-10% HP)
Your muscles are strong. (Str +2)
You evolve.
Your spells are a little easier to cast, but a little less powerful.


Message History

* * * LOW HITPOINT WARNING * * *
The eight-headed hydra bites you but does no damage.
The crocodile bites you.
* * * LOW HITPOINT WARNING * * *
The hippogriff bites you but does no damage.
The hippogriff pecks you. The hippogriff completely misses you.
The basilisk gazes at you. You resist with some effort.
The eight-headed hydra bites you but does no damage.
The eight-headed hydra bites you.
* * * LOW HITPOINT WARNING * * *
The eight-headed hydra bites you but does no damage. x3
The eight-headed hydra bites you!
* * * LOW HITPOINT WARNING * * *
The eight-headed hydra bites you but does no damage. x2
The crocodile bites you but does no damage.
The hippogriff bites you but does no damage.
The hippogriff pecks you but does no damage.
The hippogriff barely misses you. The basilisk bites you!
You die...

.... ... .# ... .P. ..
... PP+##. ## #P.# #
###...##.####...#
##.##.#..+#.##P..#.##..
#......................
#.....lt....#P.†$......
#.....@Ht!.............
#P....§.D...[P#.........
[.............#.........
.P.....$................
.+...............)...../
#...........#P.........
##P#.########..........
#### #.........


You could see an eight-headed hydra, a hippogriff, a basilisk and 2 crocodiles.

Vanquished Creatures
  2 spiny frogs (Lair:1)
  A rime drake (Lair:1)
  2 komodo dragons (Lair:1)
  A troll (D:9)
  Sigmund (D:5)
  2 basilisks
  A hungry ghost (D:9)
  3 water moccasins
  A porcupine (Lair:1)
  2 ice beasts
  2 sky beasts
  2 orc warriors
  2 phantoms
  6 ogres
  A wolf (D:9)
  6 centaurs
  A crocodile (Lair:1)
  5 bullfrogs
  A wyvern skeleton (D:8)
  4 scorpions
  A water moccasin skeleton (D:9)
  9 killer bees
  4 howler monkeys
  2 electric eels
  2 crimson imps
  A jelly (D:9)
  A bullfrog zombie (D:5)
  3 orc priests
  A bullfrog skeleton (D:8)
  12 hounds
  2 centaur skeletons
  3 iguanas
  7 worker ants
  8 orc wizards
  A killer bee zombie (D:9)
  Robin (D:2)
  2 hound skeletons
  2 worker ant zombies
  11 adders
  3 gnolls (D:9)
  A howler monkey skeleton (D:6)
  7 river rats (D:8)
  3 shadow imps
  An adder zombie (D:6)
  An adder skeleton (D:5)
  2 worms
  5 dart slugs
  4 leopard geckos
  36 orcs
  2 ball pythons
  7 bats
  4 giant cockroaches
  12 goblins
  7 hobgoblins
  9 jackals
  6 quokkas
  6 frilled lizards
  7 kobolds
  30 rats
272 creatures vanquished.

Vanquished Creatures (others)
  2 jackals (D:9)
  A plant (Lair:1)
3 creatures vanquished.

Grand Total: 275 creatures vanquished

Notes
Turn   | Place    | Note
-------+----------+-------------------------------------------
     0 | D:1      | Kiturien the Hill Orc Fighter began the quest for the Orb.
     0 | D:1      | Reached XP level 1. HP: 19/19 MP: 1/1
   232 | D:1      | Reached XP level 2. HP: 12/27 MP: 2/2
   562 | D:1      | Reached skill level 3 in Axes
   693 | D:1      | Reached XP level 3. HP: 30/33 MP: 3/3
   996 | D:2      | Noticed Robin
  1013 | D:2      | Killed Robin
  1013 | D:2      | Reached XP level 4. HP: 29/40 MP: 4/4
  1269 | D:2      | Found a blossoming altar of Fedhas.
  1274 | D:2      | Reached skill level 4 in Axes
  2199 | D:3      | Reached XP level 5. HP: 34/46 MP: 5/5
  2879 | D:4      | Reached skill level 5 in Axes
  2895 | D:4      | Reached XP level 6. HP: 26/52 MP: 6/6
  3091 | D:4      | Reached skill level 5 in Shields
  3221 | D:4      | Reached skill level 6 in Axes
  3316 | D:4      | Found a staircase to the Ecumenical Temple.
  3326 | Temple   | Entered the Ecumenical Temple
  3718 | D:5      | Entered Level 5 of the Dungeon
  3724 | D:5      | Found a sparkling altar of Nemelex Xobeh.
  3823 | D:5      | Found a shattered altar of Ashenzari.
  3855 | D:5      | Reached XP level 7. HP: 52/60 MP: 7/7
  3863 | D:5      | Noticed Sigmund
  3882 | D:5      | Killed Sigmund
  3993 | D:5      | Reached skill level 7 in Axes
  4273 | D:5      | Reached skill level 5 in Armour
  4716 | D:6      | Found a deep blue altar of Sif Muna.
  4728 | D:6      | Reached XP level 8. HP: 22/67 MP: 8/8
  5004 | D:6      | Reached skill level 5 in Fighting
  5004 | D:6      | Reached skill level 8 in Axes
  5646 | D:7      | Reached skill level 9 in Axes
  5909 | D:7      | Learned a level 3 spell: Conjure Flame
  6111 | D:7      | Reached XP level 9. HP: 74/74 MP: 9/9
  6157 | D:7      | Reached skill level 1 in Dodging
  6433 | D:7      | Reached skill level 10 in Axes
  6758 | D:7      | Gained mutation: Your muscles are strong. (Str +2) [mutagenic meat]
  7868 | D:8      | Reached skill level 11 in Axes
  7868 | D:8      | Reached XP level 10. HP: 79/84 MP: 10/10
  8142 | D:8      | Found a white marble altar of Elyvilon.
  8479 | D:8      | Learned a level 3 spell: Mephitic Cloud
  8528 | D:9      | Found a stormy altar of Qazlal.
  8528 | D:9      | Found a staircase to the Lair.
  8533 | D:9      | Found an opulent altar of Gozag.
  8533 | D:9      | Found a hide-covered altar of Uskayaw.
  8537 | D:9      | Found an ancient bone altar of Kikubaaqudgha.
  8539 | D:9      | Became a worshipper of Qazlal Stormbringer
  8599 | D:9      | Reached skill level 10 in Shields
  8650 | D:9      | Gained mutation: Your mind is acute. (Int +2) [mutagenic meat]
  8651 | D:9      | Gained mutation: You evolve. [mutagenic meat]
  8652 | D:9      | Gained mutation: Your spells are a little easier to cast, but a little less powerful. [mutagenic meat]
  8653 | D:9      | Gained mutation: You tend to lose your temper in combat. [mutagenic meat]
  8666 | D:9      | Gained mutation: You are surrounded by a mild repulsion field. (EV +2) [evolution]
  9120 | D:9      | HP: 4/86 [orc warrior/glaive (12)]
  9500 | D:9      | Reached skill level 12 in Axes
  9641 | D:9      | Reached * piety under Qazlal
  9888 | Lair:1   | Entered Level 1 of the Lair of Beasts
 10204 | Lair:1   | Noticed a spiny frog
 10214 | Lair:1   | Killed a spiny frog
 10314 | Lair:1   | Gained mutation: You are frail. (-10% HP) [evolution]
 10363 | Lair:1   | Reached XP level 11. HP: 82/82 MP: 11/11
 11121 | Lair:2   | Reached skill level 13 in Axes
 11127 | Lair:2   | Noticed an eight-headed hydra
 11144 | Lair:2   | HP: 4/82 [eight-headed hydra (5)]
 11145 | Lair:2   | Slain by a basilisk

Skill      XL: |  1  2  3  4  5  6  7  8  9 10 11 |
---------------+----------------------------------+-----
Fighting       | 4 5 6 7 |  7.6
Axes           | 3 4 5 6 7 9 11 12 13 | 13.0
Shields        | 4 5 6 7 9 10 11 | 11.2
Armour         | 4 5 6 7 |  7.5
Dodging        | 2 |  2.5
Stealth        | |  0.5

Action                   |  1- 3 |  4- 6 |  7- 9 | 10-12 || total
-------------------------+-------+-------+-------+-------++-------
Melee: War axe           |    88 |   159 |   378 |   228 ||   853
  Use: Scroll            |     2 |     4 |     8 |    11 ||    25
       Potion            |       |       |     1 |     2 ||     3
  Eat: Bread ration      |       |     2 |     2 |       ||     4
       Pizza             |       |     1 |     1 |     2 ||     4
       Chunk             |       |       |     2 |     6 ||     8
       Meat ration       |       |       |     1 |     1 ||     2
       Beef jerky        |       |       |       |     1 ||     1
Armor: Scale mail        |    17 |       |       |       ||    17
       Chain mail        |    42 |    83 |   189 |    81 ||   395
       Plate armour      |       |       |       |    58 ||    58
Dodge: Dodged            |    16 |    46 |   108 |    59 ||   229
Block: Shield            |    58 |    86 |   256 |   132 ||   532
